 Dungeon Crawl Stone Soup version 0.21.1-1-g345015f (webtiles) character file.

198 Fang the Chopper (level 5, -1/51 HPs)
             Began as a Gargoyle Berserker on June 14, 2018.
             Was a Priest of Trog.
             Slain by a worm (4 damage)
             ... on level 4 of the Dungeon.
             The game lasted 00:04:08 (3932 turns).

Fang the Chopper (Gargoyle Berserker)               Turns: 3932, Time: 00:04:09

Health: -1/51      AC:  5    Str: 27    XL:     5   Next: 76%
Magic:  5/5        EV: 12    Int:  7    God:    Trog [***...]
Gold:   144        SH:  0    Dex:  9    Spells: 4/4 levels left

rFire    . . .     SeeInvis .   a - +0 hand axe
rCold    . . .     Gourm    .   (no shield)
rNeg     + . .     Faith    .   p - -2 leather armour (curse)
rPois    ∞         Spirit   .   (no helmet)
rElec    +         Reflect  .   (no cloak)
rCorr    .         Harm     .   (no gloves)
MR       .....                  (no boots)
Stlth    ..........             (no amulet)
HPRegen  0.17/turn              (no ring)
MPRegen  0.09/turn              (no ring)

@: berserking, very quick
A: negative energy resistance 1, electricity resistance, unbreathing,
petrification resistance, rot immunity, AC +4
a: Berserk, Trog's Hand, Burn Spellbooks, Renounce Religion


You were on level 4 of the Dungeon.
You worshipped Trog.
Trog was most pleased with you.
You were near starving.

You visited 1 branch of the dungeon, and saw 4 of its levels.

You collected 144 gold pieces.

Inventory:

Hand Weapons
 a - a +0 hand axe (weapon)
Armour
 b - a +0 animal skin
 p - a cursed -2 leather armour (worn)
Jewellery
 r - an uncursed amulet of rage {unknown}
Wands
 m - a wand of disintegration (18)
Scrolls
 g - 8 scrolls of identify {unknown}
 h - a scroll of teleportation {unknown}
 i - a scroll of enchant armour {unknown}
 o - 2 scrolls of noise {unknown}
 q - a scroll of magic mapping {unknown}
 s - a scroll of fog {unknown}
 t - a scroll of amnesia {unknown}
Potions
 d - 4 potions of curing {unknown}
 e - 2 potions of lignification {unknown}
 f - a potion of brilliance {unknown}
 j - 2 potions of heal wounds {unknown}
 l - a potion of agility {unknown}
 n - a potion of invisibility {unknown}
 u - a potion of degeneration {unknown}
Books
 k - a book of Conjurations

   Spells                             Type                      Level
   a - Magic Dart                     Conjuration                  1
   b - Searing Ray                    Conjuration                  2
   c - Dazzling Spray                 Conjuration/Hexes            3
   d - Fulminant Prism                Conjuration/Hexes            4
   e - Force Lance                    Conjuration/Translocation    4
   f - Iskenderun's Mystic Blast      Conjuration                  4
   Trog disapproves of the use of such an item.
Comestibles
 c - 12 rations


   Skills:
 + Level 4.3 Fighting
 + Level 4.6 Axes
 + Level 2.3 Armour
 + Level 2.1 Dodging
 + Level 1.1 Stealth


You had 4 spell levels left.
You didn't know any spells.

Dungeon Overview and Level Annotations

Branches:
Dungeon (4/15)
 Temple: D:4-7

Altars:
Gozag
Ru

Shops:
D:4 *


Innate Abilities, Weirdness & Mutations

You are resistant to torment.
Your stone body is resilient. (AC +4)
You are immune to poison.
You resist negative energy. (rN+)
You are resistant to electric shocks. (rElec)
You can survive without breathing.
You are immune to petrification.
You are immune to rotting.


Message History

You are too injured to fight recklessly!
You are too injured to fight recklessly!
You hit the worm.
The worm is heavily wounded.
You hit the worm.
The worm is severely wounded.
The worm bites you.
* * * LOW HITPOINT WARNING * * *
You are feeling very hungry.
You hit the worm.
The worm is severely wounded.
The worm bites you!
* * * LOW HITPOINT WARNING * * *
You barely miss the worm.
The worm is severely wounded.
A red film seems to cover your vision as you go berserk!
You feel yourself moving faster!
You feel mighty!
You are near starving!
The worm bites you.
You die...

#........#
#############
#.)......#
#........#
#...(....#
#........#
#####.##.#
#.##.# #.##.#
#@# #w# #.#
..# ###


You could see a worm.

Vanquished Creatures
  A hound (D:4)
  Robin (D:3)
  A gnoll (D:1)
  6 adders
  An ooze (D:4)
  A dart slug (D:3)
  2 leopard geckos
  8 orcs
  3 bats
  3 giant cockroaches (D:2)
  6 hobgoblins
  9 jackals
  6 quokkas
  A ball python (D:2)
  5 frilled lizards
  13 goblins
  4 kobolds
  A quokka skeleton (D:3)
  4 rats
76 creatures vanquished.

Notes
Turn   | Place    | Note
-------+----------+-------------------------------------------
     0 | D:1      | Fang the Gargoyle Berserker began the quest for the Orb.
     0 | D:1      | Reached XP level 1. HP: 14/14 MP: 1/1
    89 | D:1      | Reached XP level 2. HP: 4/19 MP: 2/2
  1197 | D:2      | Reached XP level 3. HP: 24/24 MP: 3/3
  1455 | D:2      | Reached ** piety under Trog
  2541 | D:3      | Noticed Robin
  2552 | D:3      | Killed Robin
  2552 | D:3      | Reached XP level 4. HP: 29/29 MP: 4/4
  2721 | D:3      | Found a sacrificial altar of Ru.
  3190 | D:4      | Reached XP level 5. HP: 19/33 MP: 5/5
  3396 | D:4      | Reached skill level 1 in Stealth
  3677 | D:4      | Found an opulent altar of Gozag.
  3681 | D:4      | Found Gozag's Platinum Reserve.
  3686 | D:4      | Reached *** piety under Trog
  3932 | D:4      | Slain by a worm

Skill      XL: |  1  2  3  4  5 |
---------------+----------------+-----
Axes           | 3 4 |  4.6
Fighting       | 4 |  4.3
Dodging        | 2 |  2.1
Stealth        | 1 |  1.1
Armour         | |  2.3

Action                   |  1- 3 |  4- 6 || total
-------------------------+-------+-------++-------
Melee: Hand axe          |    97 |   152 ||   249
Invok: Berserk           |     2 |     1 ||     3
 Stab: Sleeping          |       |     1 ||     1
  Eat: Chunk             |     3 |     4 ||     7
       Ration            |     1 |       ||     1
Armor: Animal skin       |    21 |    30 ||    51
       Leather armour    |       |    20 ||    20
Dodge: Dodged            |    55 |   106 ||   161
